 Dungeon Crawl Stone Soup version 0.24.1 (webtiles) character file.

Game seed: 11620619241116904787, levelgen mode: deterministic

597 Curus the Carver (level 7, -1/57 HPs)
             Began as a Minotaur Fighter on Mar 30, 2020.
             Was an Initiate of Makhleb.
             Slain by a hound (4 damage)
             ... on level 4 of the Dungeon.
             The game lasted 00:16:17 (2252 turns).

Curus the Carver (Minotaur Fighter)                 Turns: 2252, Time: 00:16:18

Health: -1/57      AC: 13    Str: 20    XL:     7   Next: 17%
Magic:  6/6        EV:  3    Int:  7    God:    Makhleb [......]
Gold:   174        SH:  9    Dex: 10    Spells: 6/6 levels left

rFire    + . .     SeeInvis .   a - +1 long sword
rCold    . . .     Gourm    +   c - +0 shield
rNeg     . . .     Faith    .   i - +0 plate armour
rPois    .         Spirit   .   (helmet restricted)
rElec    .         Reflect  .   k - +1 cloak
rCorr    .         Harm     .   (no gloves)
MR       .....                  (no boots)
Stlth    ..........             d - amulet of the gourmand
HPRegen  0.19/turn              j - ring of protection from fire
MPRegen  0.10/turn              (no ring)

@: lethally poisoned (-1 -> -20)
A: retaliatory headbutt, horns 2
a: Renounce Religion


You were on level 4 of the Dungeon.
You worshipped Makhleb.
Makhleb was noncommittal.
You were not hungry.

You visited 1 branch of the dungeon, and saw 4 of its levels.

You collected 174 gold pieces.

Inventory:

Hand Weapons
 a - a +1 long sword (weapon)
Armour
 b - a +0 scale mail
 c - a +0 shield (worn)
 i - a +0 plate armour (worn)
 k - a +1 cloak (worn)
Jewellery
 d - an amulet of the gourmand (around neck)
 j - a ring of protection from fire (left hand)
Wands
 l - a wand of digging (7)
Scrolls
 e - a scroll of identify
 h - 3 scrolls of remove curse
Potions
 g - 2 potions of flight
 m - a potion of brilliance
Comestibles
 f - 6 rations


   Skills:
 - Level 3.6 Fighting
 + Level 9.6 Long Blades
 - Level 3.6 Armour
 - Level 3.6 Shields


You had 6 spell levels left.
You didn't know any spells.
Your spell library contained the following spells:

 Spells                   Type           Power        Failure   Level  Hunger
 Magic Dart               Conj           #...         100%        1    ##.....
 Blink                    Tloc           N/A          100%        2    ###....
 Call Imp                 Summ           #.......     100%        2    ###....
 Slow                     Hex            #.......     100%        2    ###....
 Conjure Flame            Conj/Fire      #.......     100%        3    ####...
 Mephitic Cloud           Conj/Pois/Air  #.......     100%        3    ####...


Dungeon Overview and Level Annotations

Branches:
Dungeon (4/15)             Temple (0/1) D:4

Altars:
Makhleb
Ru
Yredelemnul

Annotations:
D:4 Sigmund


Innate Abilities, Weirdness & Mutations

You reflexively headbutt those who attack you in melee.
You have a pair of horns on your head.


Message History

You are lethally poisoned!
The worker ant poisons you!
Sigmund the Dreaded comes into view.
He is wielding a +0 scythe.
You slash the worker ant!
The worker ant is almost dead.
* * * LOW HITPOINT WARNING * * *
You feel sick. The hound bites you but does no damage.
The frilled lizard bites the plant.
You block the howler monkey's attack. The worker ant bites you.
* * * LOW HITPOINT WARNING * * *
You are more poisoned.
The worker ant poisons you! The hound bites you but does no damage.
Your shield and plate armour prevent you from hitting the worker ant.
The worker ant is almost dead.
* * * LOW HITPOINT WARNING * * *
You feel sick.
The worker ant bites you but does no damage.
The howler monkey hoots and howls with incredible vigour!
The hound bites you.
You die...

############
..$........#
.P.[P......#
...≈≈%...a.#
.≈≈≈≈≈≈♣.†@#
≈≈≈≈≈≈≈≈.hh#
≈≈≈≈≈≈≈≈≈Pl####
≈≈≈≈≈≈≈≈≈.@.....
P≈≈≈≈≈≈≈.P######
P.≈≈≈≈≈...#
..♣≈≈≈..PP#
.!≈≈≈.....#
.♣≈♣...P..#


You could see Sigmund, a howler monkey, a hound, a worker ant and a frilled
lizard.

Vanquished Creatures
  A human (D:2)
  Duvessa (D:4)
  Dowan (D:4)
  A human zombie (D:2)
  An orc wizard (D:3)
  Terence (D:3)
  2 worker ants (D:4)
  5 gnolls
  A howler monkey skeleton (D:4)
  5 adders
  2 oozes (D:3)
  3 worms (D:2)
  A dart slug (D:2)
  2 leopard geckos
  An orc (D:3)
  6 bats
  3 giant cockroaches
  13 goblins
  5 hobgoblins
  2 frilled lizards
  A jackal zombie (D:2)
  5 kobolds
  5 rats
68 creatures vanquished.

Notes
Turn   | Place    | Note
-------+----------+-------------------------------------------
     0 | D:1      | Curus the Minotaur Fighter began the quest for the Orb.
     0 | D:1      | Reached XP level 1. HP: 19/19 MP: 0/0
   148 | D:1      | Reached skill level 3 in Long Blades
   392 | D:1      | Reached XP level 2. HP: 26/26 MP: 1/1
   594 | D:1      | Reached skill level 4 in Long Blades
   742 | D:2      | Reached XP level 3. HP: 27/31 MP: 2/2
   745 | D:2      | Reached skill level 5 in Long Blades
   819 | D:2      | Reached XP level 4. HP: 24/39 MP: 3/3
   826 | D:2      | Found a runed translucent door.
   826 | D:2      | Noticed a human
   829 | D:2      | Found a basalt altar of Yredelemnul.
   890 | D:2      | Reached skill level 6 in Long Blades
  1318 | D:2      | Reached XP level 5. HP: 45/45 MP: 4/4
  1717 | D:2      | Killed a human
  1717 | D:2      | Reached skill level 7 in Long Blades
  1717 | D:2      | Reached XP level 6. HP: 47/51 MP: 5/5
  1849 | D:3      | Found a sacrificial altar of Ru.
  1860 | D:3      | Reached skill level 8 in Long Blades
  1878 | D:3      | Noticed Terence
  1886 | D:3      | Killed Terence
  2141 | D:3      | Found a burning altar of Makhleb.
  2141 | D:3      | Noticed an Executioner
  2145 | D:3      | Noticed a smoke demon
  2145 | D:3      | Noticed a smoke demon
  2147 | D:3      | Became a worshipper of Makhleb the Destroyer
  2164 | D:4      | Noticed Dowan
  2165 | D:4      | Noticed Duvessa
  2166 | D:4      | Found a staircase to the Ecumenical Temple.
  2186 | D:4      | Killed Duvessa
  2186 | D:4      | Reached skill level 9 in Long Blades
  2191 | D:4      | Killed Dowan
  2191 | D:4      | Reached XP level 7. HP: 29/57 MP: 6/6
  2250 | D:4      | Noticed Sigmund
  2252 | D:4      | Slain by a hound

Levels and vault maps discovered:
D:1:      mrwooster_arrival_arrow, layout_basic
D:2:      layout_rooms, kennysheep_path_1, dk_yredelemnul_ordeal
D:3:      layout_loops_ring, makhleb_altar_promises_db,
          nicolae_ru_great_annihilating_truth, minmay_crystal_water,
          uniq_terence
D:4:      layout_loops_ring, lemuel_coloured_pillars_altar,
          minmay_temple_entry_slanted, first_ration, guppyfry_early_lair_pool,
          uniq_sigmund, uniq_duvessa, uniq_blork_the_orc

Skill      XL: |  1  2  3  4  5  6 |
---------------+-------------------+-----
Long Blades    | 3 4 5 6 7 9 |  9.6
Fighting       | |  3.6
Armour         | |  3.6
Shields        | |  3.6

Action                   |  1- 3 |  4- 6 |  7- 9 || total
-------------------------+-------+-------+-------++-------
Melee: Long sword        |    51 |   157 |    48 ||   256
       Headbutt          |    14 |    24 |     5 ||    43
  Use: Potion            |     3 |     3 |       ||     6
       Scroll            |     4 |     2 |     2 ||     8
 Stab: Paralysed         |       |     1 |       ||     1
  Eat: Chunk             |       |     6 |       ||     6
Armor: Scale mail        |    12 |    38 |       ||    50
       Plate armour      |       |    40 |    39 ||    79
Dodge: Dodged            |     9 |    32 |     6 ||    47
Block: Shield            |    18 |    65 |    40 ||   123
       Rpst.: Long sword |     4 |    12 |     2 ||    18
